 Dungeon Crawl Stone Soup version 0.26.1-2-gb8aa6d0cf2 (webtiles) character file.

Game seed: 18321698094664467630

3320 windgrace the Covert (level 10, -6/53 HPs)
             Began as a Vine Stalker Brigand on Feb 11, 2021.
             Mangled by a killer bee (8 damage)
             ... on level 8 of the Dungeon on Feb 12, 2021.
             The game lasted 00:34:31 (6998 turns).

windgrace the Covert (Vine Stalker Brigand)         Turns: 6998, Time: 00:34:32

Health: -6/53      AC: 10    Str: 15    XL:     10   Next: 2%
Magic:  0/11       EV: 14    Int: 11    God:
Gold:   422        SH:  0    Dex: 18    Spells: 9/9 levels left

rFire    . . .     SeeInvis .   a - +2 dagger
rCold    . . .     Faith    .   (no shield)
rNeg     . . .     Spirit   +   H - +3 leather armour {Will+}
rPois    .         Reflect  .   s - +0 helmet
rElec    .         Harm     +   G - scarf {harm}
rCorr    .         Rampage  .   (no gloves)
Will     ++...                  l - +2 pair of boots
Stlth    ++++......             (no amulet)
HPRegen  0.57/turn              (no ring)
MPRegen  0.12/turn              (no ring)

@: no status effects
A: fangs 3, regeneration 1, magic shield, antimagic bite, no potion heal 3
a: no special abilities


You were on level 8 of the Dungeon.
You visited 2 branches of the dungeon, and saw 9 of its levels.

You collected 422 gold pieces.

Inventory:

Hand Weapons
 a - a +2 dagger (weapon)
 y - a +0 hand axe
 J - a +4 quarterstaff of chaos
 K - the +1 mace of Domination {protect, Will+}
   (You found it on level 7 of the Dungeon)

   It grants its wielder temporary protection when it strikes (+7 to AC).
   It affects your willpower, your defense against some magical effects.
Missiles
 d - 23 poisoned darts
 e - 8 curare-tipped darts (quivered)
Armour
 b - a +0 robe
 c - a +0 cloak
 f - a +0 leather armour
 l - a +2 pair of boots (worn)
 p - a +1 robe of the Archmagi
 s - a +0 helmet (worn)
 v - a +0 hat
 G - a scarf of harm (worn)
 H - a +3 leather armour of willpower (worn)
Jewellery
 B - an uncursed amulet of reflection {unknown}
Wands
 r - a wand of paralysis (7)
 L - a wand of polymorph (6)
Scrolls
 g - 2 scrolls of random uselessness {unknown}
 h - 2 scrolls of immolation {unknown}
 i - 2 scrolls of fear {unknown}
 j - 4 scrolls of amnesia
 k - a scroll of blinking {unknown}
 n - 2 scrolls of remove curse
 t - 2 scrolls of enchant armour
 u - 2 scrolls of fog
 w - 4 scrolls of teleportation {unknown}
 C - a scroll of identify {unknown}
 D - a scroll of enchant weapon {unknown}
 I - a scroll of magic mapping
Potions
 m - 2 potions of degeneration {unknown}
 o - 2 potions of curing
 q - a potion of ambrosia {unknown}
 x - a potion of berserk rage {unknown}
 z - a potion of resistance {unknown}
 A - a potion of heal wounds {unknown}
 E - 2 potions of might
 F - 2 potions of invisibility {unknown}


   Skills:
 + Level 6.3 Fighting
 + Level 6.7 Short Blades
 - Level 3.0 Throwing
 - Level 3.0 Armour
 * Level 4.3 Dodging
 + Level 10.0 Stealth


You had 9 spell levels left.
You didn't know any spells.
Your spell library was empty.

Dungeon Overview and Level Annotations

Branches:
Dungeon (8/15)             Temple (1/1) D:5
   Lair: D:8-11

Altars:
Ashenzari
Cheibriados
Elyvilon
Fedhas
Gozag
Hepliaklqana
Kikubaaqudgha
Makhleb
Nemelex Xobeh
Okawaru
Qazlal
Ru
Sif Muna
Trog
Uskayaw
Vehumet
Wu Jian
Xom
Yredelemnul
Zin
The Shining One


Innate Abilities, Weirdness & Mutations

You have razor-sharp teeth.
Your natural rate of healing is unusually fast.
When hurt, damage is shared between your health and your magic reserves.
Your bite disrupts and absorbs the magic of your enemies.
Potions cannot restore your health.


Message History

You feel aware of your surroundings.
You sensed 1 altar.
It was a scroll of magic mapping.
You feel sick. The killer bee misses you.
The phantom blinks!
The killer bee barely misses you.
You feel sick. The killer bee barely misses you.
The killer bee buzzes angrily.
As you read the scroll labelled BAMOOTHRO RUOSU, it crumbles to dust.
It is a scroll of amnesia.
You feel forgetful for a moment.
You feel sick.
The killer bee buzzes angrily.
The killer bee stings you but does no damage. x2
The phantom blinks!
The killer bee completely misses you. x2
The killer bee buzzes angrily.
As you read the scroll labelled PYIQUONOAT, it crumbles to dust.
It is a scroll of enchant armour.
Your +2 leather armour of willpower glows green for a moment.
The killer bee closely misses you. x2; The killer bee stings you!
* * * LOW HITPOINT WARNING * * *
The killer bee misses you.
Your system rejects the healing.
You feel better. The killer bee stings you!
You die...

*** *,, *,* *,* *,* *.#
****##.# #########
*,,,.... #yyy@y..#
*,**#..# #y####..#
*,###..# #§####..#
#,#..... #§##....#
#.#.#... #§##.#..#
#.......
#§yy§...###**###.#<..
###y§§......y,,,*#####.
#......#####****#♣.#..#
#.####.## ###8)'..#


You could see 5 killer bees.

Vanquished Creatures
  The ghost of Hehehe the Cleaver, a novice DDFi of Makhleb (D:8)
  Pikel (D:7)
  Eustachio (D:5)
  Menkaure (D:6)
  2 sky beasts (D:7)
  2 ice beasts
  4 ogres
  4 phantoms
  A bullfrog (D:6)
  A wyvern zombie (D:7)
  A killer bee (D:8)
  A howler monkey (D:5)
  4 hounds
  Crazy Yiuf (D:7)
  A jelly (D:6)
  An orc wizard (D:3)
  2 orc priests
  Jessica (D:2)
  5 worker ants
  Ijyb (D:3)
  Natasha (thrice) (D:2)
  A hound skeleton (D:7)
  2 hound zombies
  A worker ant zombie (D:6)
  6 adders
  4 gnolls (D:5)
  A shadow imp (D:5)
  2 white imps (D:5)
  4 ufetubi
  2 oozes
  2 adder skeletons (D:4)
  8 worms
  A dart slug (D:1)
  3 leopard geckos (D:1)
  7 orcs
  2 bat zombies (D:1)
  7 giant cockroaches
  12 goblins
  3 hobgoblins
  6 jackals (D:4)
  2 quokkas
  A ball python (D:2)
  2 bats (D:1)
  3 frilled lizards (D:3)
  A giant cockroach zombie (D:5)
  2 jackal skeletons (D:4)
  2 jackal zombies
  8 kobolds
  2 quokka skeletons
  A quokka zombie (D:5)
  4 rats
141 creatures vanquished.

Notes
Turn   | Place    | Note
-------+----------+-------------------------------------------
     0 | D:1      | windgrace the Vine Stalker Brigand began the quest for the
                  | Orb.
     0 | D:1      | Reached XP level 1. HP: 11/11 MP: 2/2
   108 | D:1      | Reached skill level 5 in Stealth
   123 | D:1      | Reached XP level 2. HP: 15/15 MP: 3/3
   619 | D:1      | Reached XP level 3. HP: 18/18 MP: 4/4
  1494 | D:2      | Gained mutation: Your natural rate of healing is unusually
                  | fast. [Vine Stalker growth]
  1494 | D:2      | Reached XP level 4. HP: 22/23 MP: 5/5
  1510 | D:2      | Noticed Jessica
  1510 | D:2      | Noticed Natasha
  1516 | D:2      | Killed Jessica
  1533 | D:2      | Killed Natasha
  1627 | D:2      | Reached XP level 5. HP: 28/28 MP: 6/6
  1664 | D:2      | Noticed Natasha
  1684 | D:2      | Killed Natasha
  1685 | D:2      | Reached skill level 6 in Stealth
  1785 | D:2      | Noticed Natasha
  1809 | D:2      | Killed Natasha
  2021 | D:3      | Noticed Ijyb
  2044 | D:3      | Killed Ijyb
  2247 | D:3      | Reached XP level 6. HP: 31/32 MP: 5/7
  3208 | D:4      | Reached XP level 7. HP: 37/37 MP: 8/8
  3630 | D:5      | Entered Level 5 of the Dungeon
  3671 | D:5      | Reached skill level 7 in Stealth
  3676 | D:5      | Found a staircase to the Ecumenical Temple.
  3694 | Temple   | Entered the Ecumenical Temple
  4013 | D:5      | Noticed Eustachio
  4017 | D:5      | Killed Eustachio
  4025 | D:5      | Gained mutation: You have razor-sharp teeth. [Vine Stalker
                  | growth]
  4025 | D:5      | Reached XP level 8. HP: 42/42 MP: 9/9
  4157 | D:5      | Reached skill level 8 in Stealth
  4331 | D:5      | Reached skill level 5 in Fighting
  4331 | D:5      | Reached skill level 5 in Short Blades
  4864 | D:6      | Reached skill level 1 in Dodging
  5084 | D:6      | Noticed Menkaure
  5094 | D:6      | Killed Menkaure
  5095 | D:6      | Reached skill level 9 in Stealth
  5523 | D:6      | Reached XP level 9. HP: 48/48 MP: 10/10
  5703 | D:6      | Reached skill level 1 in Armour
  5900 | D:7      | Found a bloodstained altar of Trog.
  5901 | D:7      | Found a broken altar of Ashenzari.
  5901 | D:7      | Found a radiant altar of Vehumet.
  6091 | D:7      | Noticed Pikel
  6103 | D:7      | Killed Pikel
  6734 | D:7      | Found a runed translucent door.
  6735 | D:7      | Noticed Crazy Yiuf
  6743 | D:7      | Killed Crazy Yiuf
  6749 | D:7      | Got a fine mace
  6750 | D:7      | Identified the +1 mace of Domination {protect, Will+} (You
                  | found it on level 7 of the Dungeon)
  6802 | D:8      | Found a runed translucent door.
  6802 | D:8      | Noticed Hehehe's ghost (novice DDFi)
  6853 | D:8      | Killed Hehehe's ghost
  6927 | D:8      | Reached XP level 10. HP: 53/53 MP: 11/11
  6984 | D:8      | Reached skill level 10 in Stealth
  6997 | D:8      | HP: 1/53 [killer bee (6)]
  6998 | D:8      | Mangled by a killer bee

Illustrated notes

Levels and vault maps discovered:
D:1:      saegor_arrival_fortress, layout_basic
D:2:      layout_loops_ring, palyth_stone_intersect, uniq_natasha, uniq_jessica
D:3:      layout_basic, uniq_ijyb
D:4:      layout_loops_ring, serial_undead, serial_undead_c, serial_undead_a,
          serial_undead_d, serial_undead_b, minmay_fractal_squares_diagonal_5
D:5:      layout_gridville, minmay_temple_entry_mist, minmay_crystal_water,
          uniq_eustachio
D:6:      layout_basic, uniq_menkaure
D:7:      layout_basic, grunt_temple_overflow_open, uniq_pikel,
          uniq_crazy_yiuf_cottage
D:8:      kennysheep_steamy, layout_loops_cross, kennysheep_little_box,
          gammafunk_ghost_grave, uniq_maurice
Temple:   compressed_dpeg_circular_temple

Skill      XL: |  1  2  3  4  5  6  7  8  9 10 |
---------------+-------------------------------+-----
Short Blades   | 2 3 4 5 6 |  6.7
Stealth        | 5 6 7 9 10 | 10.0
Fighting       | 2 3 4 5 6 |  6.3
Throwing       | 2 3 |  3.0
Dodging        | 2 4 |  4.3
Armour         | 3 |  3.0

Action                   |  1- 3 |  4- 6 |  7- 9 | 10-12 || total
-------------------------+-------+-------+-------+-------++-------
Melee: Dagger            |    73 |   220 |   405 |    12 ||   710
       Bite              |    18 |    56 |   138 |     1 ||   213
Throw: Dart              |    24 |     1 |     1 |       ||    26
Evoke: Wand              |       |       |       |     1 ||     1
  Use: Scroll            |       |       |       |     5 ||     5
       Potion            |       |       |       |     1 ||     1
 Stab: Sleeping          |     8 |    15 |    15 |       ||    38
       Distracted        |       |     1 |     1 |       ||     2
       Paralysed         |       |       |       |     1 ||     1
Armor: Robe              |    13 |    51 |    66 |       ||   130
       Leather armour    |       |       |    23 |    10 ||    33
Dodge: Dodged            |    33 |    87 |   165 |    25 ||   310
